 Dungeon Crawl Stone Soup version 0.14-a0-1844-g8283a67 (webtiles) character file.

7165 Kae the Martial Artist (level 10, 0/74 HPs)
             Began as a Black Draconian Transmuter on Jan 12, 2014.
             Was a Follower of Sif Muna.
             Slain by a killer bee (6 damage)
             ... on Level 10 of the Dungeon.
             The game lasted 00:28:42 (11866 turns).

Kae the Martial Artist (DrTm)                      Turns: 11866, Time: 00:28:43

HP   0/74        AC 17     Str 18      XL: 10   Next: 72%
MP  17/18        EV 12     Int 13      God: Sif Muna [*.....]
Gold 517         SH  0     Dex 15      Spells:  4 memorised,  3 levels left

rFire  . . .     SeeInvis .       - Unarmed
rCold  . . .     Clarity  .     (armour unavailable)
rNeg   . . .     Conserve .     (no shield)
rPois  .         rCorr    .     l - +2 wizard hat
rElec  +         rRot     .     H - +0 cloak
SustAb . .       Spirit   .     L - +0 pair of elf gloves (curse)
rMut   .         Warding  .     p - +2 pair of boots {+Jump}
Saprov . . .     Stasis   .     (no amulet)
                                F - +3 ring of protection
                                y - cursed ring of sustenance

@: mighty, very slightly contaminated, somewhat resistant to hostile
enchantments, unstealthy
A: breathe lightning, unfitting armour, electricity resistance, AC +7
a: Breathe Lightning, Channel Energy, Renounce Religion, Evoke Jump Attack


You were on level 10 of the Dungeon.
You worshipped Sif Muna.
Sif Muna was aware of your devotion.
You were not hungry.

You visited 2 branches of the dungeon, and saw 11 of its levels.
You also visited: Sewer.

You collected 517 gold pieces.

Inventory:

Missiles
 b - 157 arrows
 j - 36 arrows of flame
 z - 7 tomahawks (quivered)
Armour
 l - a +2 wizard hat (worn)
 p - a +2 pair of boots of jumping (worn)
 H - a +0 cloak (worn)
 L - a cursed +0 pair of elven gloves (worn)
Magical devices
 A - a wand of polymorph (2)
 B - a wand of paralysis (16)
 J - a wand of cold (9)
 V - a wand of digging (10)
Comestibles
 u - 2 meat rations
 w - a pear
 x - a bread ration
 C - a snozzcumber
 K - a choko
 P - 7 apples
 Q - 4 lemons
 R - an apricot
Scrolls
 e - 3 scrolls of teleportation
 h - 4 scrolls of fog
 i - a scroll of enchant armour
 k - 2 scrolls of remove curse
 m - 2 scrolls of magic mapping
 q - 3 scrolls of identify
 D - 2 scrolls of enchant weapon I
 G - a scroll of enchant weapon II {unknown}
 M - a scroll of curse weapon {unknown}
 T - a scroll of recharging
Jewellery
 y - a cursed ring of sustenance (left hand)
 F - a +3 ring of protection (right hand)
Potions
 c - a potion of speed
 f - a potion of brilliance
 g - 3 potions of flight
 n - a potion of might
 o - 10 potions of curing
 r - 3 potions of restore abilities
 t - a potion of degeneration {unknown}
 E - 2 potions of mutation {unknown}
 N - 2 potions of confusion {unknown}
 O - a potion of porridge
 U - a potion of agility {unknown}
Books
 a - a book of Power

   Spells                             Type                      Level
   Iskenderun's Mystic Blast          Conjuration                  4
   Venom Bolt                         Conjuration/Poison           5
   Bolt of Magma                      Conjuration/Fire/Earth       5
   Fulminant Prism                    Conjuration/Hexes            5
   Iron Shot                          Conjuration/Earth            6
   Orb of Destruction                 Conjuration                  7
 d - a book of Changes

   Spells                             Type                      Level
   *Beastly Appendage                 Transmutation                1
   *Sticks to Snakes                  Transmutation                2
   *Spider Form                       Transmutation/Poison         3
   Ice Form                           Ice/Transmutation            4
   *Blade Hands                       Transmutation                5
 v - a book of Control

   Spells                             Type                      Level
   Control Teleport                   Charms/Translocation         4
   Control Undead                     Necromancy                   4
   Enslavement                        Hexes                        4
   Mass Confusion                     Hexes                        6
   Metabolic Englaciation             Hexes/Ice                    6
 I - a book of the Earth

   Spells                             Type                      Level
   Dig                                Earth                        4
   Leda's Liquefaction                Hexes/Earth                  4
   Bolt of Magma                      Conjuration/Fire/Earth       5
   Statue Form                        Transmutation/Earth          6
   Iron Shot                          Conjuration/Earth            6
   Shatter                            Earth                        9
 W - a book of the Earth

   Spells                             Type                      Level
   Dig                                Earth                        4
   Leda's Liquefaction                Hexes/Earth                  4
   Bolt of Magma                      Conjuration/Fire/Earth       5
   Statue Form                        Transmutation/Earth          6
   Iron Shot                          Conjuration/Earth            6
   Shatter                            Earth                        9


   Skills:
 * Level 2.5 Fighting
 - Level 1.7 Dodging
 + Level 13.1 Unarmed Combat
 * Level 2.8 Spellcasting
 + Level 9.4 Transmutations


You had 3 spell levels left.
You knew the following spells:

 Your Spells              Type           Power        Failure   Level  Hunger
a - Beastly Appendage     Trmt           ####..       1%          1    #......
b - Sticks to Snakes      Trmt           ####......   1%          2    ##.....
c - Spider Form           Trmt/Pois      ##........   12%         3    ####...
d - Blade Hands           Trmt           ####......   14%         5    ######.


Dungeon Overview and Level Annotations

Branches:
Dungeon (10/16)            Temple (1/1) D:6            Lair (0/8) D:9
    Orc: D:9-12

Altars:
Ashenzari
Cheibriados
Elyvilon
Fedhas
Kikubaaqudgha
Makhleb
Nemelex Xobeh
Okawaru
Sif Muna
Trog
Vehumet
Xom
Yredelemnul
Zin
the Shining One
Beogh
Lugonu

Shops:
D:4 (


Innate Abilities, Weirdness & Mutations

You can breathe wild blasts of lightning.*
Your glossy black scales are hard (AC +7).*
Your body does not fit into most forms of armour.
Your cold-blooded metabolism reacts poorly to cold.
You are resistant to electric shocks.*


Message History

Drink which item? (? for menu, Esc to quit)
Okay, then.
Read which item? (? for menu, Esc to quit)
Okay, then.
Read which item? (? for menu, Esc to quit)
Okay, then.
Drink which item? (? for menu, Esc to quit)
You feel better. The killer bee barely misses you.
The killer bee closely misses you. The orc hits you but does no damage.
Drink which item? (? for menu, Esc to quit)
You feel very mighty all of a sudden. The killer bee stings you!
* * * LOW HITPOINT WARNING * * *
The orc priest hits you with an orcish club.
* * * LOW HITPOINT WARNING * * *
The killer bee barely misses you. The orc hits you but does no damage.
You closely miss the orc priest. You tail-slap the orc priest!
You kill the orc priest!
The killer bee closely misses you. The killer bee stings you.
You die...

# ## ##)##
..#. #.###...#
.....###.##..#
............#
..........k(##
....#...k%#o#
... ##).##k##
.. ##.#k## ...
##...@##
....#...o).#
...........##
.........###
.........#
..#.....8
##.#..'.
##.#.8oo
.#..#ok.


You could see 2 killer bees and 2 orcs.

Vanquished Creatures
  A harpy (D:9)
  An item mimic (D:8)
  A fire drake (D:9)
  Grinder (D:5)
  The ghost of Mitsuki the Grave Robber, an average DENe (D:4)
  4 yaks (D:9)
  A steam dragon (D:8)
  A hippogriff (D:7)
  A deep dwarf (D:8)
  3 sky beasts
  3 ogres
  An orc warrior (D:7)
  2 ice beasts
  4 phantoms
  6 centaurs
  A giant slug (Sewer)
  2 water moccasins
  A giant frog (D:8)
  2 gnoll sergeants (D:9)
  10 killer bees
  2 jellies
  8 wights
  5 crimson imps
  A giant frog zombie (D:9)
  A goliath beetle (D:7)
  A giant frog skeleton (D:7)
  3 orc priests
  6 hounds
  5 iguanas
  2 scorpions
  An orc wizard (D:7)
  4 worker ants
  An ogre skeleton (D:4)
  13 adders
  2 giant centipedes (D:9)
  11 gnolls
  An inept feature mimic (D:6)
  4 giant mites
  An inept item mimic (D:8)
  7 worms
  2 adder skeletons (D:5)
  2 giant eyeballs
  9 giant geckos
  21 orcs
  2 ball pythons (D:3)
  A bat skeleton (D:8)
  3 giant cockroaches
  16 hobgoblins
  11 jackals
  5 quokkas
  14 bats
  5 giant newts
  A giant spore (D:8)
  9 goblins
  17 kobolds
  2 kobold skeletons
  A kobold zombie (D:6)
  17 rats
  A rat skeleton (D:5)
  4 ballistomycetes (D:8)
269 creatures vanquished.

Notes
Turn   | Place    | Note
--------------------------------------------------------------
     0 | D:1      | Kae, the Draconian Transmuter, began the quest for the Orb.
     0 | D:1      | Reached XP level 1. HP: 16/16 MP: 3/3
   289 | D:1      | Reached XP level 2. HP: 18/23 MP: 4/4
   917 | D:2      | Reached XP level 3. HP: 24/28 MP: 6/6
   970 | D:2      | Reached skill level 4 in Unarmed Combat
  1118 | D:2      | Reached XP level 4. HP: 11/35 MP: 5/7
  2285 | D:3      | Found a glowing drain.
  2339 | Sewer    | Entered a sewer
  2397 | Sewer    | Noticed a giant slug
  2418 | Sewer    | Learned a level 2 spell: Sticks to Snakes
  2422 | Sewer    | Learned a level 3 spell: Spider Form
  2437 | Sewer    | Killed a giant slug
  2437 | Sewer    | Reached skill level 5 in Unarmed Combat
  2437 | Sewer    | Reached XP level 5. HP: 19/40 MP: 6/9
  3190 | D:4      | Noticed a phantom
  3223 | D:4      | Killed a phantom
  3223 | D:4      | Reached XP level 6. HP: 35/47 MP: 10/10
  3323 | D:4      | Found a burning altar of Makhleb.
  3331 | D:4      | Reached skill level 6 in Unarmed Combat
  3431 | D:4      | Noticed an ogre
  3443 | D:4      | Killed an ogre
  3543 | D:4      | Found Triazyrgh's Weapon Emporium.
  3583 | D:4      | Noticed a centaur
  3587 | D:4      | Paralysed by a giant eyeball for 3 turns
  3597 | D:4      | Paralysed by a giant eyeball for 3 turns
  4045 | D:4      | Your scales start taking on a glossy black colour.
  4045 | D:4      | Gained mutation: You are resistant to electric shocks. [draconian maturity]
  4045 | D:4      | Reached XP level 7. HP: 52/52 MP: 10/12
  4232 | D:4      | Noticed Mitsuki's ghost (average DENe)
  4246 | D:4      | Killed Mitsuki's ghost
  4246 | D:4      | Reached skill level 7 in Unarmed Combat
  4246 | D:4      | Reached skill level 5 in Transmutations
  4292 | D:4      | Killed a centaur
  4834 | D:5      | Entered Level 5 of the Dungeon
  4934 | D:5      | Noticed Grinder
  4960 | D:5      | Killed Grinder
  4960 | D:5      | Reached skill level 8 in Unarmed Combat
  4960 | D:5      | Reached XP level 8. HP: 45/59 MP: 10/13
  5454 | D:6      | Found a glowing silver altar of Zin.
  5456 | D:6      | Noticed an angel
  5476 | D:6      | Found a shimmering altar of Xom.
  5505 | D:6      | Reached skill level 9 in Unarmed Combat
  5982 | D:6      | Found an ancient bone altar of Kikubaaqudgha.
  6406 | D:6      | Reached skill level 10 in Unarmed Combat
  6429 | D:6      | Found a staircase to the Ecumenical Temple.
  6469 | Temple   | Entered the Ecumenical Temple
  6574 | D:6      | Paralysed by a giant eyeball for 4 turns
  6696 | D:6      | Reached XP level 9. HP: 13/64 MP: 12/14
  7555 | D:7      | Found a deep blue altar of Sif Muna.
  7574 | D:7      | Became a worshipper of Sif Muna the Loreminder
  7581 | D:7      | Learned a level 5 spell: Blade Hands
  8089 | D:7      | Found a deep blue altar of Sif Muna.
  8408 | D:7      | Reached skill level 11 in Unarmed Combat
  9175 | D:8      | Killed a potion mimic
  9184 | D:8      | Reached skill level 12 in Unarmed Combat
  9184 | D:8      | Reached XP level 10. HP: 65/71 MP: 16/16
 10231 | D:9      | Found a staircase to the Lair.
 10293 | D:9      | Found a shattered altar of Ashenzari.
 10293 | D:9      | Found a basalt altar of Yredelemnul.
 10294 | D:9      | Found a blossoming altar of Fedhas.
 10407 | D:9      | Noticed Prince Ribbit
 10408 | D:9      | Noticed Prince Ribbit
 10408 | D:9      | Prince Ribbit changed into Prince Ribbit the harpy
 10419 | D:9      | HP: 3/71 [Prince Ribbit the harpy (13)]
 10435 | D:9      | Killed Prince Ribbit the harpy
 10927 | D:9      | Acquired Sif Muna's first power
 10959 | D:9      | Found a snail-covered altar of Cheibriados.
 11215 | D:9      | Reached skill level 13 in Unarmed Combat
 11743 | D:10     | Entered Level 10 of the Dungeon
 11808 | D:10     | Found a roughly hewn altar of Beogh.
 11866 | D:10     | Slain by a killer bee

Action                   |  1- 3 |  4- 6 |  7- 9 | 10-12 || total
-------------------------+-------+-------+-------+-------++-------
Melee: Unarmed           |   152 |   282 |   469 |   204 ||  1107
Throw: Tomahawk          |       |       |     2 |       ||     2
 Cast: Beastly Appendage |     6 |    13 |    46 |    19 ||    84
       Spider Form       |       |     3 |     8 |     2 ||    13
       Blade Hands       |       |       |     2 |     8 ||    10
 Abil: Breathe Lightning |       |       |     2 |       ||     2
       Evoke Jump Attack |       |       |     4 |       ||     4
       End Transformatio |       |       |     1 |       ||     1
Evoke: Wand              |       |       |     1 |     4 ||     5
  Use: Scroll            |       |     4 |    15 |     1 ||    20
       Potion            |       |       |     2 |     6 ||     8
 Stab: Paralysed         |       |       |     2 |       ||     2
       Sleeping          |       |       |     2 |       ||     2
